 Dungeon Crawl Stone Soup version 0.28.0-53-g5a82cb258f (webtiles) character file.

Game seed: 13047700897972066918

237471 atmmm the Sensei (level 18, -4/163 HPs)
             Began as a Demonspawn Monk on July 16, 2022.
             Was an Initiate of Gozag.
             Slain by a vault warden
             ... wielding a +1 vorpal great sword
              (27 damage)
             ... on level 2 of the Vaults.
             The game lasted 03:24:54 (65206 turns).

atmmm the Sensei (Demonspawn Monk)                 Turns: 65206, Time: 03:24:54

Health: -4/163     AC: 17    Str: 13    XL:     18   Next: 96%
Magic:  19/28      EV: 18    Int: 18    God:    Gozag
Gold:   5182       SH:  9    Dex: 24    Spells: 19/31 levels left

rFire   + . .      SeeInvis +     - Unarmed
rCold   + + .      Faith    .   (no shield)
rNeg    + . .      Spirit   .   J - +2 robe {rC+ rF+}
rPois   +          Reflect  +   (helmet unavailable)
rElec   +          Harm     .   z - +2 ratskin cloak {*Rats rPois rN+ Str-1 Int-1 Dex+1}
rCorr   .          Rampage  ∞   (no gloves)
Will    ++...      Clarity  +   E - +3 pair of seven-league boots {Rampage+∞}
Stlth   ++++......              Q - amulet "Amovux" {Reflect Rampage rPois rC+ Int+4 SH+5}
HPRegen 0.37/turn               j - ring of Wuzics {rElec Will+ Int+3}
MPRegen 0.21/turn               c - ring of see invisible

@: very slightly contaminated, studying Axes
A: horns 3, slimy green scales 1, foul stench 3, icemail 1, robust 1,
condensation shield, agile 1, clarity
}: 1/15 runes: gossamer
a: Renounce Religion, Potion Petition, Call Merchant, Bribe Branch


You were on level 2 of the Vaults.
You worshipped Gozag.
Gozag was greatly pleased with you.
You visited 7 branches of the dungeon, and saw 31 of its levels.
You visited the Abyss 1 time.
You also visited: Gauntlet and Ice Cave.

You collected 13354 gold pieces.
You spent 2866 gold pieces at shops.
You paid 5306 gold pieces to Gozag.

Inventory:

Missiles
 g - 11 silver javelins (quivered)
Armour
 z - the +2 ratskin cloak (worn) {*Rats rPois rN+ Str-1 Int-1 Dex+1}
   (You found it on level 6 of the Dungeon)

   When the wearer is hurt, rats may emerge from it to assist them.
   Str:       It affects your strength (-1).
   Int:       It affects your intelligence (-1).
   Dex:       It affects your dexterity (+1).
   rPois:     It protects you from poison.
   rN:        It protects you from negative energy.
 E - the +3 pair of seven-league boots (worn) {Rampage+∞}
   (You found it on level 15 of the Dungeon)

   Its wearer moves as far as possible in that direction when moving towards
   enemies.
 J - a +2 robe of resistance (worn)
Jewellery
 b - a ring of poison resistance
 c - a ring of see invisible (right hand)
 i - a +6 ring of strength
 j - the ring of Wuzics (left hand) {rElec Will+ Int+3}
   (You bought it in a shop on level 2 of the Orcish Mines)

   [ring of willpower]

   Int:       It affects your intelligence (+3).
   rElec:     It insulates you from electricity.
   Will:      It increases your willpower.
 k - the amulet of Tomorrow {Reflect Dex+3 SH+5}
   (You bought it in a shop on level 2 of the Orcish Mines)

   [amulet of reflection]

   It reflects blocked missile attacks.
   Dex:       It affects your dexterity (+3).
   SH:        It affects your SH (+5).
 n - an amulet of magic regeneration
 r - a ring of protection from cold
 x - the ring of Ephemeral Luck {Will+ MP+9}
   (You found it in an ice cave)

   [ring of magical power]

   MP:        It affects your magic capacity (+9).
   Will:      It increases your willpower.
 D - a ring of resist corrosion
 F - a ring of ice
 G - the ring of Dibeuggu {rC+ Int+6}
   (You found it in a Gauntlet)

   [ring of intelligence]

   Int:       It affects your intelligence (+6).
   rC:        It protects you from cold.
 Q - the amulet "Amovux" (around neck) {Reflect Rampage rPois rC+ Int+4 SH+5}
   (You found it in a Gauntlet)

   [amulet of reflection]

   It reflects blocked missile attacks.
   Int:       It affects your intelligence (+4).
   rC:        It protects you from cold.
   rPois:     It protects you from poison.
   SH:        It affects your SH (+5).
   Rampage:   It bestows one free step when moving towards enemies.
Wands
 v - a wand of iceblast (27)
 A - a wand of flame (44)
 C - a wand of mindburst (15)
 H - a wand of paralysis (7)
 X - a wand of digging (3)
 Y - a wand of acid (6)
Scrolls
 a - 3 scrolls of blinking
 d - 6 scrolls of amnesia
 e - 6 scrolls of enchant armour
 s - 2 scrolls of fear
 w - 3 scrolls of identify
 y - 6 scrolls of fog
 I - a scroll of magic mapping
 N - 7 scrolls of teleportation
 S - 2 scrolls of summoning
Potions
 f - 2 potions of cancellation
 h - a potion of might
 m - a potion of flight
 o - 11 potions of curing
 p - a potion of brilliance
 t - 3 potions of heal wounds
 u - 3 potions of berserk rage
 B - 4 potions of magic
 M - 5 potions of haste
 V - 11 potions of ambrosia


   Skills:
 - Level 15.0 Fighting
 - Level 7.1 Dodging
 - Level 7.0 Stealth
 + Level 25.9 Unarmed Combat
 - Level 7.1 Spellcasting
 - Level 3.0 Conjurations
 - Level 3.0 Air Magic
 - Level 3.0 Poison Magic


You had 19 spell levels left.
You knew the following spells:

 Your Spells              Type           Power      Damage    Failure   Level
a - Mephitic Cloud        Conj/Pois/Air  17%        N/A       10%         3
b - Swiftness             Air            17%        N/A       10%         3
c - Freezing Cloud        Conj/Ice/Air   6%         6-21      78%         5
d - Apportation           Tloc           12%        N/A       11%         1

Your spell library contained the following spells:

 Spells                   Type           Power      Damage    Failure   Level
 Magic Dart               Conj           68%        1d6       3%          1
 Shock                    Conj/Air       68%        1d7       3%          1
 Foxfire                  Conj/Fire      44%        2x1d6     6%          1
 Corpse Rot               Necr/Air       22%        N/A       9%          2
 Animate Skeleton         Necr           12%        N/A       11%         1
 Sandblast                Erth           12%        2d6       11%         1
 Call Imp                 Summ           6%         N/A       16%         2
 Ensorcelled Hibernation  Hex/Ice        12%        N/A       16%         2
 Scorch                   Fire           12%        2d5       16%         2
 Sublimation of Blood     Necr           6%         N/A       16%         2
 Conjure Flame            Conj/Fire      11%        6-21      17%         3
 Stone Arrow              Conj/Erth      22%        3d8       17%         3
 Ignite Poison            Fire/Tmut/Pois 10%        N/A       22%         3
 Airstrike                Air            8%         N/A       30%         4
 Call Canine Familiar     Summ           6%         N/A       32%         3
 Inner Flame              Hex/Fire       6%         N/A       32%         3
 Portal Projectile        Hex/Tloc       12%        N/A       32%         3
 Vampiric Draining        Necr           6%         2d6       32%         3
 Flame Wave               Conj/Fire      11%        2d5       50%         4
 Sticky Flame             Conj/Fire      11%        2d3       50%         4
 Summon Lightning Spire   Summ/Air       11%        N/A       50%         4
 Lightning Bolt           Conj/Air       8%         1d21      65%         5
 Animate Armour           Summ/Erth      12%        N/A       71%         4
 Animate Dead             Necr           3%         N/A       71%         4
 Leda's Liquefaction      Hex/Erth       3%         N/A       71%         4
 Passage of Golubria      Tloc           6%         N/A       71%         4
 Petrify                  Tmut/Erth      6%         N/A       71%         4
 Irradiate                Conj/Tmut      5%         3d15      85%         5
 Silence                  Hex/Air        5%         N/A       85%         5
 Statue Form              Tmut/Erth      4%         N/A       100%        6
 Summon Cactus Giant      Summ           3%         N/A       100%        6
 Haunt                    Necr/Summ      3%         N/A       100%        7
 Spellforged Servitor     Conj/Summ      5%         N/A       100%        7
 Lehudib's Crystal Spear  Conj/Erth      5%         10d3      100%        8
 Necromutation            Tmut/Necr      3%         N/A       100%        8
 Shatter                  Erth           3%         3d7*      100%        9


Dungeon Overview and Level Annotations

Branches:
Dungeon (15/15)            Temple (1/1) D:6            Lair (6/6) D:11
 Shoals (0/4) Lair:4       Spider (4/4) Lair:2        Slime (0/5) Lair:5
    Orc (2/2) D:10            Elf (0/3) Orc:2        Vaults (2/5) D:14
  Crypt (0/3) Vaults:2     Depths (1/4) D:15          IceCv (visited)
Gauntlet (visited)

Altars:
Ashenzari
Cheibriados
Elyvilon
Fedhas
Gozag
Hepliaklqana
Makhleb
Nemelex Xobeh
Okawaru
Trog
Uskayaw
Vehumet
Xom
Yredelemnul
Zin
The Shining One
Beogh

Shops:
D:4 *   D:6 *   D:7 (   D:15 *(=[!(?   Orc:1 [   Orc:2 ===!

Portals:
Trove: D:12 (give 15 potions of curing)

Annotations:
Lair:6 exclusion: obsidian statue
Orc:1 2 transporters


Innate Abilities, Weirdness & Mutations

You have a pair of large horns on your head.
You are partially covered in slimy green scales. (AC +2)
You frequently emit foul miasma when damaged in melee.
A meltable icy envelope protects you from harm. (AC +4)
You are robust. (+10% HP)
A meltable shield of frost defends you. (SH +4)
You are agile. (Dex +2)
You possess an exceptional clarity of mind.


Message History

Aim: a vault warden, wielding a +3 great mace of draining, wearing a +0 chain mail and quivering bolts (chance to affect: 24%)
You miscast Mephitic Cloud.
You are very lightly contaminated with residual magic.
Nothing appears to happen.
The ironbound convoker is engulfed in dark miasma.
The ironbound convoker looks even sicker.
You block the ironbound convoker's attack.
The vault warden barely misses you.
The vault warden unwields a +3 great mace of draining.
The vault warden wields a +0 arbalest.
The vault warden shoots a bolt.
You reflect the bolt off an invisible shield around you!
The bolt hits the vault warden!!
The ironbound thunderhulk hits you with a +0 dire flail!
Unknown command.
Casting: Mephitic Cloud (mildly dangerous; 10% risk of failure)
Confirm with . or Enter, or press ? or * to list all spells.
Aiming: Mephitic Cloud (mildly dangerous; 10% risk of failure)
Press: ? - help, Shift-Dir - straight line, f/p - vault warden
Aim: a vault warden, wielding a +0 arbalest, wearing a +0 chain mail and quivering bolts (chance to affect: 24%)
The ball explodes into a vile cloud!
The stinking cloud engulfs the vault warden but does no damage.
The vault warden is moderately wounded.
The stinking cloud engulfs the vault warden but does no damage.
The stinking cloud engulfs you but does no damage.
The ironbound convoker is engulfed in dark miasma.
The ironbound convoker looks even sicker.
The ironbound convoker hits you but does no damage.
The vault warden is engulfed in noxious fumes.
The vault warden hits you with a +1 vorpal great sword!!!
* * * LOW HITPOINT WARNING * * *
x2 You block the ironbound thunderhulk's attack.
The vault warden is engulfed in noxious fumes.
The vault warden shoots a bolt.
The bolt hits you!!
* * * LOW HITPOINT WARNING * * *
A vault sentinel comes into view. It is wielding a +0 war axe.
You feel much better.
The vault warden is engulfed in noxious fumes.
The vault warden hits you with a +1 vorpal great sword!!
You die...
Your body crumbles into a pile of gold.

#..........
#...........
#...........#
#...........# #
###...........# #.#
###.#...........#
+...#°..#...........#
#..ppp°O#...........#
# #○@p#...........###
###.+...........##.
###...........'..
#...........#..
#...........#.#
#...........#.#
#...........#..
#...........##.
#...........###


You could see 2 vault wardens, an ironbound thunderhulk, a vault sentinel and an
ironbound convoker (very poisoned).

Vanquished Creatures
  A golden dragon (IceCv)
  Roxanne (D:14)
  Donald (Vaults:1)
  4 emperor scorpions
  An orc warlord (Orc:2)
  The ghost of MiltankisOP the Alchemist, a journeyman NaTm of Cheibriados (Lair:6)
  12 ghost moths
  3 vault wardens
  5 broodmothers
  A war gargoyle (Vaults:2)
  6 ironbound preservers
  A stone giant (D:15)
  Nessos (Lair:4)
  Azrael (D:14)
  A minotaur (Gauntlet)
  4 entropy weavers
  12 dire elephants
  A spark wasp (Spider:3)
  Snorg (D:12)
  A blizzard demon (Gauntlet)
  A crystal guardian (Vaults:2)
  Josephine (D:14)
  2 great orbs of eyes
  3 yaktaur captains
  Fannar (D:10)
  2 peacekeepers (Vaults:2)
  13 hydras
  6 boulder beetles
  5 ice dragons (IceCv)
  2 catoblepae
  6 jorogumos
  4 death knights
  10 centaur warriors
  An ironbound frostheart (Vaults:1)
  2 death scarabs
  7 two-headed ogres
  A death yak (Lair:6)
  3 tengu warriors
  4 orc high priests (Orc:2)
  A sixfirhy (Gauntlet)
  4 skeletal warriors
  2 sun moths
  5 pharaoh ants
  A glowing orange brain (Vaults:2)
  A spectral anaconda (Lair:6)
  14 orb spiders
  3 phantasmal warriors (D:15)
  22 deep trolls
  A tengu zombie (Vaults:2)
  2 wizards (Vaults:2)
  4 orc knights
  Pikel (D:7)
  11 ironbound convokers
  10 lindwurms
  8 steelbarb worms
  An orange crystal statue (IceCv)
  7 orc sorcerers
  4 necromancers
  4 harpies (Vaults:1)
  A stone giant zombie (Vaults:2)
  19 wolf spiders
  4 manticores
  5 cyclopes
  14 ugly things
  A moth of wrath (Spider:3)
  A dire elephant zombie (Lair:6)
  A shining eye (shapeshifter) (D:14)
  5 black mambas
  10 vault sentinels
  A guardian serpent (D:15)
  13 elephants
  6 torpor snails
  Joseph (D:10)
  13 cane toads
  4 storm dragon simulacra (IceCv)
  An unseen horror (shapeshifter) (D:15)
  2 gargoyles (D:13)
  3 minotaur zombies (Gauntlet)
  8 yaktaurs
  A yaktaur zombie (Vaults:2)
  11 demonic crawlers
  A kobold demonologist (D:12)
  An elf skeleton (Vaults:2)
  17 komodo dragons
  An ice devil (Gauntlet)
  3 freezing wraiths
  2 rime drakes
  3 efreet
  A tengu conjurer (D:14)
  A queen bee (Lair:6)
  5 golden dragon simulacra (IceCv)
  A wind drake (Lair:4)
  8 trolls
  9 meliai
  5 hornets
  2 polar bears
  28 tarantellas
  6 slime creatures
  A dream sheep (Lair:3)
  16 blink frogs
  A meliai zombie (D:7)
  38 jumping spiders
  Sigmund (D:6)
  29 culicivoras
  A centaur simulacrum (D:14)
  7 wyverns
  A vampire (D:12)
  10 wraiths
  2 water elementals (D:14)
  3 shadows
  3 basilisks
  4 fire elementals (D:14)
  2 steam dragons (D:8)
  A neqoxec (Gauntlet)
  42 yaks
  A death yak simulacrum (Lair:6)
  80 redbacks
  A chaos spawn (Gauntlet)
  2 wargs
  A warg (shapeshifter) (D:13)
  Menkaure (D:6)
  3 vampire mosquitoes
  Edmund (D:4)
  3 spectral cane toads (Lair:6)
  2 acid dragons
  15 water moccasins
  4 hell hounds (D:14)
  2 hornet zombies
  3 ice beasts
  15 ogres
  2 black bears
  38 orc warriors
  5 ice dragon simulacra (IceCv)
  14 wolves
  12 centaurs
  2 lemures
  Blork the orc (D:6)
  3 kobold brigands
  12 bullfrogs
  4 gnoll sergeants
  2 scorpions
  3 cane toad simulacra (Lair:6)
  3 water moccasin zombies (D:5)
  3 water moccasin skeletons (D:5)
  Dowan (D:6)
  4 wights (D:6)
  15 killer bees
  7 lindwurm simulacra (IceCv)
  6 electric eels
  8 centaur zombies
  3 bullfrog zombies
  A centaur skeleton (D:5)
  7 hounds
  26 orc priests
  2 gnoll shamans
  A jelly (D:4)
  13 iguanas
  22 orc wizards
  2 scorpion zombies (D:5)
  A hound zombie (D:5)
  A hound skeleton (D:5)
  3 howler monkey zombies
  Robin (D:3)
  25 gnolls
  5 adders
  A shadow imp (D:6)
  4 white imps
  8 ufetubi
  2 adder skeletons
  2 worms
  3 dart slugs
  101 orcs
  10 endoplasms
  11 giant cockroaches
  14 goblins
  8 hobgoblins
  19 kobolds
  2 quokkas
  9 ball pythons
  8 bats
  21 frilled lizards
  A quokka skeleton (D:4)
  7 rats
1243 creatures vanquished.

Vanquished Creatures (collateral kills)
  A boulder beetle (D:11)
  A pharaoh ant (Spider:1)
  A deep troll (Vaults:1)
  A steelbarb worm (Spider:3)
  An orc knight (Orc:2)
  A necromancer (Lair:6)
  A tarantella (Spider:3)
  A culicivora (Spider:3)
  A jumping spider (Spider:3)
  A yak (Lair:5)
  Duvessa (D:6)
  2 orc warriors (Orc:1)
  An ice beast (D:6)
  A wolf (Lair:4)
  2 orc priests (Orc:2)
  An iguana (Lair:3)
  An adder skeleton (D:4)
  2 orcs
  A frilled lizard (Lair:3)
22 creatures vanquished.

Vanquished Creatures (others)
  An orc wizard (D:8)
  29 fungi
  23 plants
  17 withered plants
70 creatures vanquished.

Grand Total: 1335 creatures vanquished

Notes
Turn   | Place    | Note
-------+----------+-------------------------------------------
     0 | D:1      | atmmm the Demonspawn Monk began the quest for the Orb.
     0 | D:1      | Reached XP level 1. HP: 18/18 MP: 1/1
   150 | D:1      | Reached skill level 3 in Unarmed Combat
   293 | D:1      | Gained mutation: You have a pair of small horns on your
                  | head. [demonic ancestry]
   293 | D:1      | Reached XP level 2. HP: 19/24 MP: 2/2
  1248 | D:2      | Reached XP level 3. HP: 24/29 MP: 3/3
  1418 | D:2      | Found an iron altar of Okawaru.
  1448 | D:2      | Found a faded altar of an unknown god.
  1564 | D:2      | Reached skill level 4 in Unarmed Combat
  1577 | D:2      | HP: 1/29 [goblin/+0 dagger (4)]
  2458 | D:3      | Gained mutation: A meltable shield of frost defends you.
                  | (SH +4) [demonic ancestry]
  2458 | D:3      | Reached XP level 4. HP: 30/35 MP: 4/4
  2770 | D:3      | Noticed Robin
  3731 | D:4      | Noticed an ogre
  4087 | D:4      | Found Ret Muuv's Assorted Antiques.
  4107 | D:4      | Noticed Edmund
  4163 | D:4      | Killed Edmund
  4164 | D:4      | Reached skill level 5 in Unarmed Combat
  4164 | D:4      | Reached XP level 5. HP: 41/41 MP: 5/5
  4290 | D:4      | Reached skill level 6 in Unarmed Combat
  4290 | D:4      | Gained mutation: You are partially covered in slimy green
                  | scales. (AC +2) [demonic ancestry]
  4290 | D:4      | Reached XP level 6. HP: 43/47 MP: 6/6
  4918 | D:3      | Killed Robin
  5039 | D:5      | Entered Level 5 of the Dungeon
  5211 | D:5      | Reached skill level 7 in Unarmed Combat
  5211 | D:5      | Gained mutation: You may rarely emit foul miasma when
                  | damaged in melee. [demonic ancestry]
  5211 | D:5      | Reached XP level 7. HP: 28/52 MP: 7/7
  5999 | D:4      | Bought a scroll labelled HUHYOD CAUPUT for 26 gold pieces
  5999 | D:4      | Bought a smoky blue potion for 23 gold pieces
  5999 | D:4      | Bought a metallic silvery potion for 23 gold pieces
  5999 | D:4      | Bought a glass wand for 104 gold pieces
  6017 | D:4      | Reached skill level 8 in Unarmed Combat
  6746 | D:5      | Reached XP level 8. HP: 56/58 MP: 8/8
  6769 | D:5      | Reached skill level 9 in Unarmed Combat
  7536 | D:6      | Reached skill level 5 in Fighting
  7806 | D:6      | Noticed Blork the orc
  7811 | D:6      | Killed Blork the orc
  8148 | D:6      | Found a staircase to the Ecumenical Temple.
  8432 | D:6      | Reached skill level 10 in Unarmed Combat
  8456 | Temple   | Entered the Ecumenical Temple
  8524 | Temple   | Became a worshipper of Gozag Ym Sagoz the Greedy
  8647 | D:6      | Reached XP level 9. HP: 40/68 MP: 9/9
  8786 | D:6      | Noticed Menkaure
  8786 | D:6      | Found the +2 ratskin cloak {*Rats rPois rN+ Str-1 Int-1
                  | Dex+1}
  8791 | D:6      | Killed Menkaure
  8998 | D:6      | Found Zefrit's Serpentskin Sales.
  9104 | D:6      | Noticed Duvessa
  9105 | D:6      | Noticed Dowan
  9106 | D:6      | Noticed Sigmund
  9259 | D:6      | Killed Dowan
  9261 | D:6      | Killed Sigmund
  9353 | D:6      | Killed Duvessa
  9354 | D:6      | Reached skill level 11 in Unarmed Combat
 10125 | D:7      | Noticed a two-headed ogre
 10284 | D:7      | Noticed Pikel
 10984 | D:7      | Found Tomobb's Weapon Emporium.
 11107 | D:7      | Killed Pikel
 11108 | D:7      | Gained mutation: You sometimes emit foul miasma when
                  | damaged in melee. [demonic ancestry]
 11108 | D:7      | Reached XP level 10. HP: 60/79 MP: 10/10
 11165 | D:7      | Killed a two-headed ogre
 11166 | D:7      | Reached skill level 12 in Unarmed Combat
 11280 | D:7      | Found a sparkling altar of Nemelex Xobeh.
 11281 | D:7      | Found a hazy altar of Hepliaklqana.
 11763 | D:8      | Found a burning altar of Makhleb.
 12305 | D:9      | Reached skill level 13 in Unarmed Combat
 12558 | D:9      | Got Ykhe's Handbook of Harmful Ignition
 13517 | D:10     | Entered Level 10 of the Dungeon
 13744 | D:10     | Reached skill level 14 in Unarmed Combat
 13744 | D:10     | Reached XP level 11. HP: 28/84 MP: 11/11
 14011 | D:10     | Noticed Joseph
 14023 | D:10     | Killed Joseph
 14169 | D:10     | Found a staircase to the Orcish Mines.
 14175 | D:10     | Noticed a tengu warrior
 14184 | Orc:1    | Entered Level 1 of the Orcish Mines
 14751 | D:10     | Found the +18 Lear's hauberk
 14760 | D:10     | Killed a tengu warrior
 15017 | D:10     | Noticed Fannar
 15237 | Orc:1    | Found a transporter.
 15574 | Orc:1    | Noticed an orc sorcerer
 15639 | Orc:1    | Found a transporter.
 15782 | Orc:1    | Reached skill level 5 in Stealth
 16640 | Orc:1    | Paralysed by an orc sorcerer for 2 turns
 16645 | Orc:1    | Killed an orc sorcerer
 16656 | Orc:1    | Found Valuom's Antique Armour Emporium.
 16667 | Orc:1    | Bought a pair of twisted boots for 237 gold pieces
 16667 | Orc:1    | Identified the -7 pair of boots "Heolokh" {rN+++ Str-5
                  | Int-3} (You bought it in a shop on level 1 of the Orcish
                  | Mines)
 16714 | Orc:1    | Noticed a stone giant
 16718 | Orc:1    | Found a bloodstained altar of Trog.
 16777 | Orc:2    | Entered Level 2 of the Orcish Mines
 16777 | Orc:2    | Noticed a two-headed ogre
 17572 | D:11     | Noticed a two-headed ogre
 17578 | D:11     | Killed a two-headed ogre
 17587 | D:11     | Noticed a five-headed hydra
 17675 | Orc:2    | Noticed a two-headed ogre
 17717 | Orc:2    | Killed a two-headed ogre
 17718 | Orc:2    | Reached skill level 15 in Unarmed Combat
 17725 | Orc:2    | Killed a two-headed ogre
 18000 | Orc:2    | Noticed a two-headed ogre
 18014 | Orc:2    | Killed a two-headed ogre
 18163 | Orc:2    | Gained mutation: You frequently emit foul miasma when
                  | damaged in melee. [demonic ancestry]
 18163 | Orc:2    | Reached XP level 12. HP: 92/96 MP: 12/12
 18695 | Orc:2    | Reached skill level 10 in Fighting
 18803 | Orc:2    | Found a staircase to the Elven Halls.
 18891 | Orc:2    | Reached skill level 5 in Dodging
 19599 | Orc:2    | Found Aluxt's Distillery.
 19879 | Orc:2    | Bought a potion of curing for 36 gold pieces
 19879 | Orc:2    | Bought 2 potions of curing for 72 gold pieces
 19879 | Orc:2    | Bought a potion of magic for 96 gold pieces
 19879 | Orc:2    | Bought a potion of curing for 36 gold pieces
 19879 | Orc:2    | Bought a potion of curing for 36 gold pieces
 19886 | Orc:2    | Found Yqiny's Jewellery Shop.
 19895 | Orc:2    | Reached skill level 16 in Unarmed Combat
 20100 | Orc:2    | Learned a level 3 spell: Mephitic Cloud
 20133 | Orc:2    | Bought the amulet of Tomorrow {Reflect Dex+3 SH+5} for 649
                  | gold pieces
 20561 | Orc:2    | Noticed an orc warlord
 20582 | Orc:2    | Killed an orc warlord
 20597 | Orc:2    | Noticed an orc high priest
 21130 | Orc:2    | Reached skill level 1 in Spellcasting
 21224 | Orc:2    | Found Nuryfoet's Jewellery Boutique.
 21234 | Orc:2    | Killed an orc high priest
 21235 | Orc:2    | Reached skill level 1 in Conjurations
 21235 | Orc:2    | Reached skill level 1 in Air Magic
 21235 | Orc:2    | Reached skill level 1 in Poison Magic
 21238 | Orc:2    | Bought the ring of Wuzics {rElec Will+ Int+3} for 453 gold
                  | pieces
 21460 | Orc:2    | Noticed an orc high priest
 21504 | Orc:2    | Noticed an orc high priest
 21538 | Orc:2    | Killed an orc high priest
 21639 | Orc:2    | Noticed an orc high priest
 22232 | Orc:2    | Killed an orc high priest
 22432 | Orc:2    | Cast into level 1 of the Abyss (orc warrior)
 22441 | Orc:2    | Escaped the Abyss
 22590 | Orc:2    | Killed an orc high priest
 22619 | Orc:2    | Found Cuom's Jewellery Shop.
 22640 | Orc:2    | Bought a ring of protection from cold for 375 gold pieces
 22982 | D:10     | Killed Fannar
 22983 | D:10     | Reached XP level 13. HP: 33/106 MP: 17/17
 24039 | D:11     | Found a staircase to the Lair.
 24978 | Lair:1   | Entered Level 1 of the Lair of Beasts
 25015 | Lair:1   | You fall into a shaft and drop 1 floor!
 25025 | Lair:2   | Found a hole to the Spider Nest.
 26524 | Lair:1   | Reached skill level 17 in Unarmed Combat
 27656 | Lair:3   | Identified the +6 flail of the Endless Expanse {vorpal,
                  | Contam rC++ Will+ Stlth+}
 28680 | Lair:3   | Reached skill level 18 in Unarmed Combat
 29152 | Lair:3   | Identified the +2 leather armour of Experimentation {rPois}
 30150 | Lair:4   | Gained mutation: You have a pair of horns on your head.
                  | [demonic ancestry]
 30150 | Lair:4   | Reached XP level 14. HP: 91/113 MP: 18/18
 30458 | Lair:4   | Found a staircase to the Shoals.
 30691 | Lair:4   | Noticed Nessos
 30705 | Lair:4   | Killed Nessos
 31209 | Lair:5   | Found a staircase to the Slime Pits.
 31220 | Lair:5   | Reached skill level 19 in Unarmed Combat
 32439 | Lair:6   | Entered Level 6 of the Lair of Beasts
 33606 | Lair:6   | Noticed MiltankisOP's ghost (journeyman NaTm)
 34432 | Lair:6   | Found a transporter.
 34436 | Lair:6   | Found a transporter.
 35198 | Lair:6   | Reached skill level 5 in Spellcasting
 35766 | Lair:6   | Gained mutation: You are robust. (+10% HP) [demonic
                  | ancestry]
 35766 | Lair:6   | Reached XP level 15. HP: 76/132 MP: 22/22
 36142 | Lair:6   | Killed MiltankisOP's ghost
 36516 | Spider:1 | Entered Level 1 of the Spider Nest
 41636 | Spider:2 | Reached skill level 20 in Unarmed Combat
 43625 | Spider:2 | Gained mutation: A meltable icy envelope protects you from
                  | harm. (AC +4) [demonic ancestry]
 43625 | Spider:2 | Reached XP level 16. HP: 48/143 MP: 19/26
 45499 | Spider:3 | Reached skill level 21 in Unarmed Combat
 46588 | Spider:3 | Identified the +9 long sword "Beast's Undoing" {vorpal,
                  | Stlth+}
 48353 | Spider:4 | Entered Level 4 of the Spider Nest
 48532 | Spider:3 | Reached skill level 22 in Unarmed Combat
 50712 | Spider:4 | Learned a level 3 spell: Swiftness
 50718 | Spider:4 | Learned a level 5 spell: Freezing Cloud
 51559 | Spider:3 | Reached XP level 17. HP: 102/149 MP: 27/27
 52154 | Spider:4 | Reached skill level 23 in Unarmed Combat
 52513 | Spider:4 | Identified the +2 pair of boots "Qolav" {Harm rElec rPois
                  | Will-}
 52529 | Spider:4 | Got a gossamer rune of Zot
 52831 | D:12     | Found a portal to a secret trove of treasure.
 52881 | D:12     | Found a gate leading to a gauntlet.
 52890 | Gauntlet | Entered a Gauntlet
 52890 | Gauntlet | Found a transporter.
 52890 | Gauntlet | Found a transporter.
 52890 | Gauntlet | Found a transporter.
 52899 | Gauntlet | Found a transporter.
 52899 | Gauntlet | Found a transporter.
 52919 | Gauntlet | Identified the +0 pair of gloves of Indemnity {Harm Int+7}
 52928 | Gauntlet | Gained mutation: You occasionally shout uncontrollably at
                  | your foes. [a neqoxec]
 52938 | Gauntlet | Found a transporter.
 52939 | Gauntlet | Found a transporter.
 52942 | Gauntlet | Identified the ring of Dibeuggu {rC+ Int+6}
 52967 | Gauntlet | Found a transporter.
 52989 | Gauntlet | Identified the amulet "Amovux" {Reflect Rampage rPois rC+
                  | Int+4 SH+5}
 53016 | Gauntlet | Found a transporter.
 53056 | Gauntlet | Lost mutation: You occasionally shout uncontrollably at
                  | your foes. [potion of mutation]
 53056 | Gauntlet | Gained mutation: You are agile. (Dex +2) [potion of
                  | mutation]
 53056 | Gauntlet | Gained mutation: You possess an exceptional clarity of
                  | mind. [potion of mutation]
 53059 | Gauntlet | Got the Compendium of Snow and the Arsonist
 53787 | D:12     | Noticed Snorg
 53799 | D:12     | Killed Snorg
 54384 | D:13     | Got Lengengi's Collected Works on Warped Evil
 55224 | D:14     | Identified Roxanne's Tome of Earth
 55224 | D:14     | Noticed Roxanne
 55247 | D:14     | Killed Roxanne
 55342 | D:14     | Noticed Azrael
 55356 | D:14     | Killed Azrael
 55677 | D:14     | Learned a level 1 spell: Apportation
 55723 | D:14     | Noticed Josephine
 55758 | D:14     | Killed Josephine
 55812 | D:14     | Reached skill level 24 in Unarmed Combat
 56366 | D:14     | Found a gate to the Vaults.
 56422 | D:14     | Found an opulent altar of Gozag.
 57317 | D:15     | Entered Level 15 of the Dungeon
 57347 | D:15     | Found a frozen archway.
 57388 | IceCv    | Entered an ice cave
 57966 | IceCv    | Noticed a golden dragon
 58013 | IceCv    | Killed a golden dragon
 58333 | IceCv    | Identified the ring of Ephemeral Luck {Will+ MP+9}
 58692 | IceCv    | Got Kikubaaqudgha's Papyrus of Evil Secrets
 59244 | D:15     | Found Curoanes's Weapon Shop.
 59500 | D:15     | Found the +3 pair of seven-league boots {Rampage+∞}
 59565 | D:15     | Found a staircase to the Depths.
 59571 | D:15     | Reached skill level 15 in Fighting
 59745 | D:15     | Gained mutation: You have a pair of large horns on your
                  | head. [demonic ancestry]
 59745 | D:15     | Reached XP level 18. HP: 116/163 MP: 28/28
 60231 | Depths:1 | Entered Level 1 of the Depths
 60276 | D:15     | Bought a potion of ambrosia for 104 gold pieces
 60276 | D:15     | Bought a potion of berserk rage for 65 gold pieces
 60276 | D:15     | Bought a potion of curing for 39 gold pieces
 60276 | D:15     | Bought a potion of heal wounds for 65 gold pieces
 60276 | D:15     | Bought 2 potions of curing for 78 gold pieces
 60276 | D:15     | Bought a potion of haste for 130 gold pieces
 60276 | D:15     | Bought a potion of heal wounds for 65 gold pieces
 60281 | D:15     | Bought a scroll of identify for 28 gold pieces
 60281 | D:15     | Bought a scroll of identify for 28 gold pieces
 60281 | D:15     | Bought a scroll of teleportation for 42 gold pieces
 60281 | D:15     | Bought a scroll of identify for 28 gold pieces
 60281 | D:15     | Bought a scroll of identify for 28 gold pieces
 60371 | Vaults:1 | Entered Level 1 of the Vaults
 60962 | Vaults:1 | Noticed Donald
 60984 | Vaults:1 | Killed Donald
 62281 | Vaults:1 | Reached skill level 25 in Unarmed Combat
 64809 | Vaults:2 | Found a staircase to the Crypt.
 65205 | Vaults:2 | HP: 1/163 [vault warden/bolt (31)]
 65206 | Vaults:2 | Slain by a vault warden

Illustrated notes

Levels and vault maps discovered:
D:1:      dpeg_arrival_pond, layout_basic, minmay_three_crescents
D:2:      layout_loops_cross, basic_altar,
          hellmonk_ecumenical_altar_heavens_door, serial_bayou_pond_d
D:3:      layout_basic, kennysheep_generic_room_13, uniq_robin
D:4:      layout_loops_cross, serial_shops, nicolae_shop_trees, uniq_edmund
D:5:      layout_rooms, serial_undead, serial_undead_e, serial_undead_e,
          serial_undead_f, serial_undead_c, serial_undead_b, serial_undead_d
D:6:      layout_basic, minmay_temple_entry_statues_fountains,
          guppyfry_shop_venom, uniq_duvessa, uniq_menkaure, uniq_blork_the_orc,
          uniq_sigmund
D:7:      layout_basic, gammafunk_temple_overflow_pools, serial_shops,
          nicolae_shop_bloodbath_and_beyond, dk_vineyard_3,
          minmay_manual_monolith, uniq_pikel
D:8:      layout_gridville, bloody_makhleb, nicolae_underground_beach
D:9:      layout_stronghold
D:10:     layout_basic, orc_0_dummy, roderic_st_hans_cross, moated_statue,
          hellmonk_guarded_unrand_lears, uniq_fannar, uniq_joseph
D:11:     layout_loops_corners, erik_lair_island
D:12:     minmay_angry_zag, layout_loops_ring, nicolae_trove_entry_free_sample,
          gauntlet_entry_generic, zin_statuary, uniq_snorg
D:13:     layout_long_grid, nicolae_tso_carved_into_rock
D:14:     layout_basic, skrybe_vaults_entry_preservation, basic_altar,
          minmay_misc_feat_encased, uniq_josephine, uniq_roxanne, uniq_azrael
D:15:     grunt_enter_depths_snipers, layout_long_grid,
          minmay_misc_feat_four_crosses, serial_shops, shop_statue,
          portal_ice_cave_entry_pillars_2,
          hellmonk_guarded_unrand_seven_league_boots
Temple:   mainiacjoe_temple_bowtie_tessellation
Lair:1:   layout_regular_city, serial_bayou_shore_a, serial_bayou_shore_b,
          lemuel_fruit_tree
Lair:2:   layout_regular_city, nicolae_spider_entry_non_spiders,
          fungi_pond_lemuel, serial_bayou_shore_b, grunt_megastairs_5
Lair:3:   lemuel_reptile_caves, layout_big_grid, minmay_shattered_shrine
Lair:4:   layout_small_grid, minmay_shoals_entry_beasts,
          chequers_serial_rivers_room_b, serial_bayou_shore_b, uniq_nessos
Lair:5:   layout_cave_pods, slime_dummy, lemuel_fruit_fields
Lair:6:   due_jungle_book, layout_gridlike, gammafunk_ghost_hive,
          grunt_megastairs_3
Spider:1: layout_cave_pods
Spider:2: layout_chambers
Spider:3: nicolae_spider_hilbert_zone_1 [nicolae_spider_hilbert_4_sides_1_open,
          nicolae_spider_hilbert_4_sides_1_open,
          nicolae_spider_hilbert_4_sides_1_open,
          nicolae_spider_hilbert_4_sides_1_open,
          nicolae_spider_hilbert_3_sides_1_open,
          nicolae_spider_hilbert_3_sides_1_open,
          nicolae_spider_hilbert_3_sides_1_open,
          nicolae_spider_hilbert_3_sides_1_open,
          nicolae_spider_hilbert_3_sides_1_open,
          nicolae_spider_hilbert_6_sides_1_open,
          nicolae_spider_hilbert_6_sides_1_open,
          nicolae_spider_hilbert_3_sides_1_open,
          nicolae_spider_hilbert_3_sides_1_open,
          nicolae_spider_hilbert_3_sides_1_open,
          nicolae_spider_hilbert_3_sides_1_open,
          nicolae_spider_hilbert_2_sides_1_open]
Spider:4: spider_rune_water
Orc:1:    emtedronai_trogs_sanctum, layout_caves, serial_shops, shop
Orc:2:    pubby_orc_utopia
Vaults:1: nicolae_vaults_network_barrier, hangedman_vaults_capsules, v_rooms_1,
          v_alt_pattern_2, nicolae_vaults_network_periphery,
          vaults_mumra_minichess, nicolae_vaults_theta,
          ontoclasm_vaults_misaligned, layout_vaults_chaotic_city, uniq_donald
Vaults:2: blue_anna_dwarven_crypt, nicolae_vaults_border_crossing,
          nicolae_vaults_display_case, nicolae_vaults_network_quinsquares
          [nicolae_vaults_network_quincunx_subvault,
          nicolae_vaults_network_quincunx_subvault,
          nicolae_vaults_network_quincunx_subvault,
          nicolae_vaults_network_quincunx_subvault], ontoclasm_vaults_eye,
          nicolae_vaults_little_squares_6, vaults_room_hallway,
          ontoclasm_vaults_fault, grunt_vaults_hallway_short,
          nicolae_vaults_triangles, ontoclasm_vaults_gateway,
          ontoclasm_vaults_twist, hangedman_vaults_cutoff, grunt_vaults_focal,
          layout_vaults_omnicross
Depths:1: minmay_box_of_statues, layout_cave_pools, lemuel_statue_altar,
          hellmouth_1, minmay_guarded_unrand_tortoise

Skill      XL: |  1  2  3  4  5  6  7  8  9 10 11 12 13 14 15 16 17 18 |
---------------+-------------------------------------------------------+-----
Unarmed Combat | 3 4 5 6 7 8 10 11 14 15 16 18 19 20 22 24 25 | 25.9
Stealth        | 2 3 4 5 6 7 |  7.0
Dodging        | 3 4 5 7 |  7.1
Fighting       | 5 7 9 11 12 13 15 | 15.0
Spellcasting   | 2 5 7 |  7.1
Conjurations   | 2 3 |  3.0
Air Magic      | 1 2 3 |  3.0
Poison Magic   | 2 3 |  3.0

Action                   |  1- 3 |  4- 6 |  7- 9 | 10-12 | 13-15 | 16-18 || total
-------------------------+-------+-------+-------+-------+-------+-------++-------
Melee: Unarmed           |   144 |   143 |   324 |   798 |  1400 |  1674 ||  4483
       Headbutt          |    22 |    27 |    65 |   181 |   400 |   571 ||  1266
       Punch             |     4 |     9 |    23 |    68 |   192 |   387 ||   683
 Cast: Mephitic Cloud    |       |       |       |       |    22 |    59 ||    81
       Apportation       |       |       |       |       |       |     1 ||     1
Invok: Call Merchant     |       |       |       |       |       |     6 ||     6
Evoke: Wand              |       |     4 |     7 |    10 |    19 |     4 ||    44
  Use: Scroll            |       |     1 |     5 |    10 |    11 |    15 ||    42
       Potion            |       |       |       |     6 |     4 |    10 ||    20
 Stab: Sleeping          |     6 |     5 |     3 |    19 |    20 |    28 ||    81
       Distracted        |       |       |     1 |     6 |    17 |    27 ||    51
       Invisible         |       |       |       |    15 |       |       ||    15
       Confused          |       |       |       |       |    26 |    56 ||    82
Armor: Robe              |    16 |    14 |    55 |   118 |   192 |   349 ||   744
       Skin              |       |     1 |       |       |       |       ||     1
Dodge: Dodged            |    71 |    92 |   169 |   358 |   647 |   838 ||  2175
Block: Other             |       |    22 |    40 |   242 |   438 |   454 ||  1196
       Reflection        |       |       |       |     4 |       |    14 ||    18
